 Dungeon Crawl Stone Soup version 0.30-a0-622-gddc90eaa04 (webtiles) character file.

Game seed: 5222474072387604584

7445 drugrobin the Grappler (level 10, -12/80 HPs)
             Began as a Demigod Delver on Jan 10, 2023.
             Mangled by a two-headed ogre
             ... wielding a +0 giant spiked club
              (21 damage)
             ... on level 9 of the Dungeon.
             The game lasted 00:38:28 (10997 turns).

drugrobin the Grappler (Demigod Delver)            Turns: 10997, Time: 00:38:28

Health: -12/80     AC:  6    Str: 21    XL:     10   Next: 62%
Magic:  13/13      EV: 19    Int: 18    God:
Gold:   273        SH:  0    Dex: 19    Spells: 3/9 levels left

rFire   . . .      SeeInvis .      - Unarmed
rCold   . . .      Faith    .    (no shield)
rNeg    . . .      Spirit   .    P - +2 leather armour {Will+}
rPois   .          Reflect  .    e - +0 helmet
rElec   .          Harm     .    (no cloak)
rCorr   .          Rampage  .    (no gloves)
Will    ++...                    (no boots)
Stlth   +++                      I - amulet of regeneration
HPRegen 1.13/turn                j - +5 ring of evasion
MPRegen 0.13/turn                z - +6 ring of intelligence

@: no status effects
A: high MP 1, forlorn, divine attributes
a: no special abilities


You were on level 9 of the Dungeon.
You visited 1 branch of the dungeon, and saw 10 of its levels.
You also visited: Bailey.

You collected 577 gold pieces.
You spent 304 gold pieces at shops.

Inventory:

Hand Weapons
 b - the +6 sling of the Priest {flame, rN+ Str+2 Dex+3}
   (You bought it in a shop on level 9 of the Dungeon)

   Str:       It affects your strength (+2).
   Dex:       It affects your dexterity (+3).
   rN:        It protects you from negative energy.
Missiles
 g - 100 stones
 u - 4 javelins
 X - 2 boomerangs (quivered)
Armour
 c - an orb of wrath
 e - a +0 helmet (worn)
 P - a +2 leather armour of willpower (worn)
 Y - a +2 scale mail of cold resistance
Jewellery
 j - a +5 ring of evasion (left hand)
 l - a ring of protection from fire
 m - an amulet of guardian spirit
 x - a ring of ice
 z - a +6 ring of intelligence (right hand)
 G - a ring of protection from cold
 I - an amulet of regeneration (around neck)
Wands
 f - a wand of digging (9)
 U - a wand of charming (6)
Scrolls
 h - 5 scrolls of noise {unknown}
 i - 2 scrolls of silence {unknown}
 o - 11 scrolls of teleportation {unknown}
 q - 2 scrolls of poison {unknown}
 r - a scroll of fog
 t - a scroll of enchant weapon {unknown}
 y - 4 scrolls of enchant armour {unknown}
 C - 2 scrolls of amnesia {unknown}
 J - a scroll of acquirement {unknown}
 K - a scroll of blinking
 N - a scroll of vulnerability
 Q - a scroll of immolation
 S - a scroll of magic mapping
 W - 2 scrolls of fear
Potions
 d - a potion of cancellation {unknown}
 k - 2 potions of ambrosia
 n - 6 potions of curing
 s - 2 potions of lignification
 v - a potion of degeneration {unknown}
 w - 2 potions of flight
 A - 6 potions of brilliance {unknown}
 B - 7 potions of might {unknown}
 E - 3 potions of resistance {unknown}
 F - 2 potions of berserk rage {unknown}
 L - 4 potions of haste
 M - a potion of mutation {unknown}
 O - 2 potions of experience
 T - a potion of magic {unknown}


   Skills:
 + Level 4.9 Fighting
 + Level 4.4 Dodging
 - Level 4.5 Stealth
 * Level 14.3 Unarmed Combat


You had 3 spell levels left.
You knew the following spells:

 Your Spells              Type           Power      Damage    Failure   Level
a - Necrotise             Necr           0%         1d4       26%         1
b - Searing Ray           Conj           0%         2d4       36%         2
c - Call Canine Familiar  Summ           0%         N/A       58%         3

Your spell library contained the following spells:

 Spells                   Type           Power      Damage    Failure   Level
 Magic Dart               Conj           0%         1d3       26%         1
 Summon Small Mammal      Summ           0%         N/A       26%         1
 Gell's Gravitas          Tloc           0%         N/A       58%         3
 Inner Flame              Hex/Fire       0%         N/A       58%         3
 Portal Projectile        Hex/Tloc       0%         N/A       58%         3
 Summon Guardian Golem    Hex/Summ       0%         N/A       58%         3
 Teleport Other           Tloc           0%         N/A       58%         3
 Tukima's Dance           Hex            0%         N/A       58%         3
 Vampiric Draining        Necr           0%         2d6       58%         3
 Cause Fear               Hex            0%         N/A       94%         4
 Fulminant Prism          Conj/Hex       0%         3d5       94%         4
 Agony                    Necr           0%         N/A       100%        5
 Blade Hands              Tmut           0%         N/A       100%        5
 Dispersal                Tloc           0%         N/A       100%        6
 Discord                  Hex            0%         N/A       100%        8


Dungeon Overview and Level Annotations

Branches:
Dungeon (10/15)            Temple (0/1) D:4            Lair (0/5) D:10
    Orc (0/2) D:9          Bailey (visited)

Shops:
D:4 *   D:6 =   D:9 (

Annotations:
D:9 exclusion: manticore
D:10 exclusion: vampire


Innate Abilities, Weirdness & Mutations

You have an increased reservoir of magic. (+10% MP)
You shall have no god before yourself.
Your divine heritage dramatically boosts your attributes as you level up.


Message History

The two-headed ogre hits you with a +0 giant club!
Unknown command.
Unknown command.
Unknown command.
Okay, then.
A two-headed ogre is nearby!
Unknown command.
Unknown command.
The +6 sling of the Priest {flame, rN+ Str+2 Dex+3} stops flaming.
You are now empty-handed.
Throw: dart (poison)
Press: ? - help, Shift-Dir - straight line, f/p - two-headed ogre
Aim: a two-headed ogre, wielding a +0 giant spiked club and a +0 giant club (moderately wounded, poisoned, 77% to hit)
You throw a poisoned dart.
The poisoned dart hits the two-headed ogre.
The two-headed ogre looks even sicker.
The two-headed ogre is moderately wounded.
Unknown command.
You hit the two-headed ogre.
The two-headed ogre is heavily wounded.
The two-headed ogre hits you with a +0 giant spiked club!!
The two-headed ogre closely misses you.
You hit the two-headed ogre.
The two-headed ogre is heavily wounded.
You barely miss the two-headed ogre.
The two-headed ogre is heavily wounded.
The two-headed ogre hits you with a +0 giant spiked club!!
* * * LOW HITPOINT WARNING * * *
The two-headed ogre hits you with a +0 giant club!
* * * LOW HITPOINT WARNING * * *
Unknown command.
Unknown command.
Unknown command.
Unknown command.
Unknown command.
The two-headed ogre attacks as you move away!
The two-headed ogre hits you with a +0 giant spiked club.
* * * LOW HITPOINT WARNING * * *
The two-headed ogre hits you with a +0 giant club!!
You die...

##..######..# #..#
#..######### #..#
#.........)# #..#
#..........#
##..######..........#
....................#
......(......(......#
#..#..####..........#
##.#..# #.....O@...##
...#..# #...........#
...#..#####.....####.#
...#..##.....8.....#O#
...#...#...........#.#
...#.................#
####....8....>....8..#
#..#.............##
#..##...........##


You could see a two-headed ogre (very poisoned).

Vanquished Creatures
  A two-headed ogre (D:6)
  A skeletal warrior (D:6)
  Pikel (D:8)
  An orc knight (Bailey)
  Prince Ribbit (D:5)
  2 wyverns
  4 nameless horrors
  4 yaks (D:10)
  A steam dragon (D:8)
  2 water moccasins
  2 sky beasts (D:7)
  3 ice beasts
  A black bear (D:6)
  2 ogres
  4 orc warriors
  3 centaurs
  3 lemures (D:7)
  2 kobold brigands
  4 bullfrogs
  8 scorpions
  2 necrophages
  14 killer bees
  2 howler monkeys
  2 electric eels (D:9)
  A crimson imp (D:5)
  A jelly (D:6)
  3 hounds
  6 orc priests
  2 gnoll boudas
  An iguana (D:7)
  4 orc wizards
  Robin (D:2)
  7 adders
  18 gnolls
  3 white imps
  2 ufetubi
  A worm (D:3)
  3 dart slugs
  45 orcs
  6 endoplasms
  A giant cockroach (D:2)
  7 hobgoblins
  5 quokkas
  12 ball pythons
  6 bats
  2 frilled lizards
  19 goblins
  11 kobolds
  24 rats
261 creatures vanquished.

Vanquished Creatures (collateral kills)
  A bullfrog (D:8)
  An orc wizard (D:8)
2 creatures vanquished.

Grand Total: 263 creatures vanquished

Notes
Turn   | Place    | Note
-------+----------+-------------------------------------------
     0 | D:5      | drugrobin the Demigod Delver began the quest for the Orb.
     0 | D:5      | Reached XP level 1. HP: 18/18 MP: 3/3
   123 | D:4      | Reached skill level 2 in Unarmed Combat
   137 | D:4      | Noticed a hound
   185 | D:4      | Found Doexebea's Assorted Antiques.
   342 | D:1      | Reached XP level 2. HP: 23/25 MP: 4/4
   558 | D:1      | Reached skill level 3 in Unarmed Combat
   828 | D:1      | Reached XP level 3. HP: 30/30 MP: 5/5
  1462 | D:2      | Noticed Robin
  1624 | D:2      | Reached skill level 4 in Unarmed Combat
  1760 | D:2      | Killed Robin
  1761 | D:2      | Reached XP level 4. HP: 9/37 MP: 2/6
  2746 | D:3      | Learned a level 1 spell: Necrotise
  2973 | D:4      | Bought a copper ring for 155 gold pieces
  3052 | D:4      | Reached skill level 5 in Unarmed Combat
  3052 | D:4      | Reached XP level 5. HP: 42/42 MP: 7/7
  3079 | D:4      | Found a staircase to the Ecumenical Temple.
  3645 | D:5      | Reached skill level 6 in Unarmed Combat
  3645 | D:5      | Reached XP level 6. HP: 50/50 MP: 8/8
  3837 | D:5      | Reached skill level 7 in Unarmed Combat
  3942 | D:5      | Noticed Prince Ribbit
  3979 | D:5      | Killed Prince Ribbit
  3980 | D:5      | Reached XP level 7. HP: 27/56 MP: 5/9
  4120 | D:5      | Learned a level 2 spell: Searing Ray
  4172 | D:5      | Reached skill level 8 in Unarmed Combat
  4740 | D:5      | Reached skill level 9 in Unarmed Combat
  5249 | D:5      | Reached XP level 8. HP: 62/62 MP: 10/10
  5542 | D:6      | Found Kadejej's Jewellery Emporium.
  5848 | D:6      | Reached skill level 10 in Unarmed Combat
  6441 | D:6      | Noticed a skeletal warrior
  6442 | D:6      | Noticed a two-headed ogre
  6656 | D:7      | Reached skill level 11 in Unarmed Combat
  6730 | D:7      | Reached XP level 9. HP: 43/68 MP: 1/11
  6817 | D:7      | Found a flagged portal.
  6842 | Bailey   | Entered a bailey
  7122 | Bailey   | Noticed an orc knight
  7187 | Bailey   | Killed an orc knight
  7188 | Bailey   | Reached skill level 12 in Unarmed Combat
  7438 | D:7      | Learned a level 3 spell: Call Canine Familiar
  7438 | D:7      | Noticed Pikel
  7500 | D:7      | Noticed a nameless horror
  7517 | D:8      | Killed a nameless horror
  7529 | D:8      | Killed Pikel
  7530 | D:8      | Reached skill level 13 in Unarmed Combat
  8534 | D:8      | Noticed a nameless horror
  8543 | D:8      | Killed a nameless horror
  8548 | D:8      | Noticed a nameless horror
  8561 | D:8      | Killed a nameless horror
  8577 | D:8      | Reached XP level 10. HP: 60/77 MP: 2/13
  8981 | D:9      | Found Kybro's Antique Weapon Shop.
  8989 | D:9      | Bought an encrusted sling for 149 gold pieces
  8989 | D:9      | Identified the +6 sling of the Priest {flame, rN+ Str+2
                  | Dex+3} (You bought it in a shop on level 9 of the Dungeon)
  9653 | D:9      | Found a staircase to the Orcish Mines.
  9970 | D:9      | Noticed a manticore
 10044 | D:6      | Killed a skeletal warrior
 10173 | D:6      | Killed a two-headed ogre
 10174 | D:6      | Reached skill level 14 in Unarmed Combat
 10730 | D:10     | Entered Level 10 of the Dungeon
 10866 | D:10     | Noticed a two-headed ogre
 10880 | D:10     | Found a staircase to the Lair.
 10997 | D:9      | Mangled by a two-headed ogre

Illustrated notes

Levels and vault maps discovered:
D:1:      saegor_arrival_fortress, layout_basic
D:2:      layout_basic, kennysheep_cluttered_room,
          minmay_misc_feat_four_crosses, minmay_rat_hole, uniq_robin
D:3:      layout_loops_ring
D:4:      layout_basic, minmay_temple_entry_tees, serial_shops, kennysheep_mini
D:5:      layout_loops_corners, kiku_gazebo_garden_becter,
          minmay_fire_ice_demons, uniq_prince_ribbit1
D:6:      minmay_chambers_of_sixes, layout_basic, serial_shops,
          nicolae_shop_waterfront
D:7:      layout_rooms, enter_bailey_3, minmay_checkerbox, uniq_pikel
D:8:      layout_cave_pods, mainiacjoe_overflow_catwalk,
          nicolae_ashenzari_skybound, serial_bayou_pond_a
D:9:      layout_small_grid, david_orc_2, serial_shops, nicolae_diamond_shop,
          minmay_crystal_room, minivault_4, minmay_evil_grid
D:10:     layout_irregular_city, dpeg_oklobed_lair, serial_demonic,
          serial_demonic_g, serial_demonic_a, serial_demonic_g,
          serial_demonic_b, dk_rats_in_the_wall

Skill      XL: |  1  2  3  4  5  6  7  8  9 10 |
---------------+-------------------------------+-----
Unarmed Combat | 2 3 4 5 6 7 9 11 13 14 | 14.3
Dodging        | 2 4 |  4.4
Fighting       | 3 4 |  4.9
Stealth        | |  4.5

Action                   |  1- 3 |  4- 6 |  7- 9 | 10-12 || total
-------------------------+-------+-------+-------+-------++-------
Melee: Unarmed           |   204 |   177 |   433 |   142 ||   956
       Punch             |     8 |     7 |    33 |    10 ||    58
 Fire: Sling             |       |     3 |       |    25 ||    28
Throw: Stone             |    18 |     6 |    17 |     4 ||    45
       Javelin           |       |    10 |     3 |       ||    13
       Throwing net      |       |       |     1 |       ||     1
       Boomerang         |       |       |       |     9 ||     9
       Dart              |       |       |       |     4 ||     4
 Cast: Necrotise         |       |     3 |     5 |     1 ||     9
       Searing Ray       |       |       |    12 |     1 ||    13
       Call Canine Famil |       |       |     3 |     4 ||     7
Evoke: Wand              |       |     8 |       |       ||     8
  Use: Scroll            |     1 |     4 |     3 |     3 ||    11
       Potion            |       |     1 |     3 |     2 ||     6
 Stab: Sleeping          |     7 |     7 |    12 |       ||    26
       Distracted        |       |       |     1 |       ||     1
Armor: Leather armour    |    30 |    13 |    10 |    15 ||    68
       Ring mail         |       |     6 |    38 |       ||    44
       Skin              |       |       |    92 |     3 ||    95
       Chain mail        |       |       |    11 |       ||    11
Dodge: Dodged            |   122 |   125 |   333 |   133 ||   713

Table legend: (Time is in decaauts)
 A = Elapsed time spent in this place.
 B = Non-inter-level travel time spent in this place.
 C = Inter-level travel time spent in this place.
 D = Time resting spent in this place.
 E = Time spent auto-exploring this place.
 F = Levels seen in this place.
 G = Mean time per level.
                   A        B        C        D        E       F      G
               +--------+--------+--------+--------+--------+-----+--------+
         Total |  10861 |  10454 |    407 |   1084 |   5920 |  11 |  987.4 |
       Dungeon |  10336 |   9929 |    407 |   1069 |   5758 |  10 | 1033.6 |
        Bailey |    525 |    525 |      0 |     15 |    161 |   1 |  525.0 |
               +--------+--------+--------+--------+--------+-----+--------+

Top non-repeatable levels by time:
     D:6: 1781 daAuts
     D:5: 1709 daAuts
     D:8: 1452 daAuts
     D:2: 1187 daAuts
     D:9: 924 daAuts
     D:4: 902 daAuts
     D:1: 879 daAuts
     D:7: 691 daAuts
     D:3: 653 daAuts
  Bailey: 525 daAuts
    D:10: 154 daAuts
